 Dungeon Crawl Stone Soup version 0.21.1-1-g345015f (webtiles) character file.

46 Kagorn the Sneak (level 3, -4/27 HPs)
             Began as a Vampire Assassin on June 5, 2018.
             Slain by a leopard gecko (5 damage)
             ... on level 3 of the Dungeon.
             The game lasted 00:12:46 (1485 turns).

Kagorn the Sneak (Vampire Assassin)                 Turns: 1485, Time: 00:12:47

Health: -4/27      AC:  0    Str: 10    XL:     3   Next: 44%
Magic:  1/3        EV: 19    Int: 13    God:
Gold:   63         SH:  0    Dex: 21    Spells: 2/2 levels left

rFire    . . .     SeeInvis +   (weapon currently unavailable)
rCold    . . .     Gourm    .   (shield currently unavailable)
rNeg     + . .     Faith    .   (armour currently unavailable)
rPois    .         Spirit   .   (helmet currently unavailable)
rElec    .         Reflect  .   (cloak currently unavailable)
rCorr    .         Harm     .   (gloves currently unavailable)
MR       .....                  (boots currently unavailable)
Stlth    ++++++....             v - amulet of magic regeneration
HPRegen  0.09/turn              (ring currently unavailable)
MPRegen  0.33/turn              (ring currently unavailable)

@: bat-form, flying, very quick
A: tiny, fangs 3, see invisible
a: End Transformation


You were on level 3 of the Dungeon.
You were not thirsty.
You were in vampire-bat-form.
You visited 1 branch of the dungeon, and saw 3 of its levels.

You collected 63 gold pieces.

Inventory:

Hand Weapons
 a - a +2 dagger
 b - a +0 blowgun
 y - a +0 rapier (melded)
Missiles
 e - 8 poisoned needles
 f - 2 curare-tipped needles
Armour
 c - a +0 robe
 d - a +0 cloak (melded)
 h - a +0 buckler (melded)
 p - a +0 shield
 t - a +0 leather armour (melded)
Jewellery
 v - an amulet of magic regeneration (around neck)
Scrolls
 i - 2 scrolls of blinking {unknown}
 j - a scroll of teleportation {unknown}
 l - 2 scrolls of immolation {unknown}
 o - 2 scrolls of remove curse {unknown}
 r - 3 scrolls of identify {unknown}
 u - a scroll of random uselessness {unknown}
 w - a scroll of fear {unknown}
Potions
 g - 9 potions of blood
 k - 2 potions of curing {unknown}
 m - 2 potions of agility {unknown}
 n - 3 potions of ambrosia {unknown}
 q - 3 potions of heal wounds {unknown}
 s - a potion of resistance {unknown}
 x - a potion of lignification {unknown}


   Skills:
 + Level 1.8 Fighting
 + Level 2.5 Short Blades
 + Level 1.6 Throwing
 * Level 0.6 Armour
 + Level 1.2 Dodging
 + Level 7.2 Stealth
 * Level 0.3 Shields


You had 2 spell levels left.
You didn't know any spells.

Dungeon Overview and Level Annotations

Branches:
Dungeon (2/15)

Altars:
Nemelex Xobeh
Xom


Innate Abilities, Weirdness & Mutations

You have razor-sharp teeth.
You have supernaturally acute eyesight. (SInv)
((You can survive without breathing.))


Message History

You kill the jackal!
The bat hits you but does no damage.
The jackal bites you but does no damage.
The rat bites you but does no damage.
The leopard gecko hisses menacingly.
The leopard gecko bites you.
* * * LOW HITPOINT WARNING * * *
The bat closely misses you. The jackal misses you. The rat closely misses you.
A worm comes into view.
You turn into a vampire bat.
Your +0 rapier melds into your body.
Your +0 cloak melds into your body.
Your +0 buckler melds into your body.
Your +0 leather armour melds into your body.
The bat hits you.
* * * LOW HITPOINT WARNING * * *
The jackal closely misses you. The leopard gecko barely misses you.
The rat closely misses you.
The orc wizard mumbles some strange words.
The orc wizard flickers and vanishes for a moment.
The jackal misses you. The leopard gecko bites you.
You die...

##########
...?......
.⌠.......#######
_..............#
w⌠.............#
....l..w.......#
#†.......#
#lb......#
#.ho.....#
#oro.....#
#.b......#
#o.......#
#........#
.........#
..w......#
.........


You could see 2 worms, an orc wizard (invisible), 3 orcs, a leopard gecko, a
jackal, a bat and a rat.

Vanquished Creatures
  A worm (D:2)
  3 dart slugs (D:1)
  An orc (D:3)
  5 bats
  A giant cockroach (D:1)
  3 goblins
  3 hobgoblins
  6 jackals
  A ball python (D:1)
  A frilled lizard (D:1)
  4 kobolds
  5 rats
34 creatures vanquished.

Notes
Turn   | Place    | Note
-------+----------+-------------------------------------------
     0 | D:1      | Kagorn the Vampire Assassin began the quest for the Orb.
     0 | D:1      | Reached XP level 1. HP: 16/16 MP: 1/1
    12 | D:1      | Reached skill level 6 in Stealth
   205 | D:1      | Reached XP level 2. HP: 22/22 MP: 2/2
   625 | D:1      | You fall through a shaft!
  1134 | D:2      | Found a shimmering altar of Xom.
  1136 | D:2      | Found a shimmering altar of Xom.
  1137 | D:2      | Found a shimmering altar of Xom.
  1142 | D:2      | Found a shimmering altar of Xom.
  1143 | D:2      | Found a shimmering altar of Xom.
  1170 | D:2      | Reached skill level 7 in Stealth
  1170 | D:2      | Reached XP level 3. HP: 27/27 MP: 3/3
  1465 | D:2      | You fall through a shaft!
  1465 | D:3      | Found a sparkling altar of Nemelex Xobeh.
  1484 | D:3      | HP: 1/27 [bat (1)]
  1485 | D:3      | Slain by a leopard gecko

Skill      XL: |  1  2 |
---------------+-------+-----
Stealth        | 6 7 |  7.2
Fighting       | |  1.8
Short Blades   | |  2.5
Throwing       | |  1.6
Armour         | |  0.6
Dodging        | |  1.2
Shields        | |  0.3

Action                   || total
-------------------------++-------
Melee: Dagger            ||    76
       Bite              ||     7
       Rapier            ||    13
 Abil: Bat Form          ||     1
  Use: Potion            ||     5
 Stab: Sleeping          ||     9
       Distracted        ||     1
Armor: Robe              ||     5
       Leather armour    ||    44
Dodge: Dodged            ||    91
Block: Buckler           ||    26
